AoeStats
← GKT_Cloud

African Clearing

511022193Analyzed
4v4 RM · 11h ago on Oct 3, 2026· 43m 43s· 8 players
Game mode
Random Map
Map size
Large (8 player)
Population
200
Speed
Normal
Resources
Standard
Victory
Conquest
Starting age
Dark Age
Ending age
Imperial Age
RankedLock teamsTeams togetherTeam positionsShared explorationLock speedFull tech treeHidden civsTurbo modeCheats
Victory
Defeat
🇹🇼 Varangians · Taiwan
1961
+6
🇹🇼 Varangians · Taiwan
1819
+10
🇹🇼 Saracens · Taiwan
1613
+18
🇹🇼 Vietnamese · Taiwan
1588
+18
🇨🇳 Varangians · China
1732
-15
🇧🇷 Armenians · Brazil
1712
-14
🇦🇷 Bulgarians · Argentina
1658
-12
🇩🇪 Berbers · Germany
1618
-11
Mafioso_
10:33 Loom
12:41 Feudal Age
19:36 Castle Age
18:50 Double-Bit Axe
33:17 Fletching
33:42 Town Watch
Lancelot Knight
8:26 Loom
10:59 Feudal Age
11:27 Town Watch
13:58 Fletching
22:26 Castle Age
21:20 Forging
20:57 Horse Collar
22:56 Gambesons
23:10 Arson
24:09 Double-Bit Axe
26:16 Scale Mail Armor
28:41 Chain Mail Armor
30:14 Wheelbarrow
30:00 Bow Saw
30:02 Pikeman
33:58 Stone Mining
38:55 Hand Cart
42:26 Imperial Age
40:44 Scale Barding Armor
41:04 Gold Mining
42:23 Chain Barding Armor
42:38 Iron Casting
42:28 Heavy Plow
42:42 Elite Konnik
Erg_Raider
11:15 Loom
14:28 Feudal Age
18:07 Castle Age
16:15 Double-Bit Axe
17:48 Fletching
23:36 Horse Collar
24:02 Fishing Lines
27:27 Ballistics
28:19 Wheelbarrow
30:42 Bow Saw
30:52 Bodkin Arrow
31:49 Husbandry
32:00 Bloodlines
32:24 Padded Archer Armor
35:00 Hand Cart
34:42 Stone Mining
34:43 Gold Mining
35:15 Thumb Ring
35:34 Gillnets
39:41 Imperial Age
37:30 Scale Barding Armor
37:50 Heavy Plow
40:14 Chain Barding Armor
40:23 Bracer
41:37 Heavy Camel Rider
42:59 Plate Barding Armor
摸鱼种田
9:55 Loom
12:25 Feudal Age
13:19 Town Watch
16:09 Castle Age
72 Big Fans
4:26 Loom
12:17 Feudal Age
12:49 Double-Bit Axe
13:11 Town Watch
19:20 Scale Barding Armor
19:18 Fletching
29:57 Forging
34:38 Castle Age
34:30 Bloodlines
38:26 Wheelbarrow
43:03 Horse Collar
DemonSheep
10:08 Loom
12:20 Feudal Age
12:35 Man-at-Arms
13:11 Town Watch
14:29 Double-Bit Axe
24:47 Castle Age
22:56 Fletching
23:44 Arson
23:43 Horse Collar
24:18 Scale Mail Armor
39:55 Bow Saw
GKT_Cloud
11:27 Loom
13:36 Feudal Age
17:37 Castle Age
15:39 Double-Bit Axe
15:46 Fishing Lines
17:42 Light Cavalry
19:13 Horse Collar
21:09 Bow Saw
22:03 Town Watch
24:59 Wheelbarrow
25:55 Scale Barding Armor
25:59 Husbandry
26:47 Forging
26:57 Bloodlines
28:16 Chain Barding Armor
30:52 Iron Casting
37:49 Imperial Age
36:29 Hand Cart
35:54 Vendel Legacy
39:11 Plate Barding Armor
37:57 Cavalier
39:22 Conscription
40:25 Blast Furnace
41:34 Fletching
DYS.K
13:07 Feudal Age
11:50 Loom
14:03 Feudal Age
17:23 Castle Age
26:32 Horse Collar
29:18 Double-Bit Axe
31:28 Town Watch
32:19 Wheelbarrow
31:58 Heavy Plow
32:19 Bow Saw
34:56 Scale Barding Armor
38:43 Imperial Age
37:13 Chain Barding Armor
38:00 Hand Cart
38:26 Forging
39:46 Iron Casting
39:26 Elite Mameluke
40:40 Bloodlines
40:30 Husbandry
42:00 Plate Barding Armor
43:07 Blast Furnace
42:51 Husbandry
43:12 Conscription
42:58 Gold Mining
Connection lost

Rejoining the realm…

Still unreachable

The connection could not be restored.

Session expired

The server has moved on; the page needs a fresh start.